 Dungeon Crawl Stone Soup version 0.29.1-4-g47bece8355 (webtiles) character file.

Game seed: 9952845345940826587

0 ChadusMaximus the Caller (level 1, -1/13 HPs)
             Began as a Human Summoner on Dec 8, 2022.
             Slain by a quokka (4 damage)
             ... on level 1 of the Dungeon.
             The game lasted 00:00:07 (120 turns).

ChadusMaximus the Caller (Human Summoner)            Turns: 120, Time: 00:00:08

Health: -1/13      AC:  2    Str:  8    XL:     1   Next: 11%
Magic:  2/3        EV: 12    Int: 15    God:
Gold:   6          SH:  0    Dex: 13    Spells: 3/4 levels left

rFire   . . .      SeeInvis .   (no weapon)
rCold   . . .      Faith    .   (no shield)
rNeg    . . .      Spirit   .   a - +0 robe
rPois   .          Reflect  .   (no helmet)
rElec   .          Harm     .   (no cloak)
rCorr   .          Rampage  .   (no gloves)
Will    .....                   (no boots)
Stlth   ++........              (no amulet)
HPRegen 0.04/turn               (no ring)
MPRegen 0.08/turn               (no ring)

@: no status effects
A: no striking features
a: no special abilities


You were on level 1 of the Dungeon.
You visited 1 branch of the dungeon, and saw 1 of its levels.

You collected 6 gold pieces.

Inventory:

Armour
 a - a +0 robe (worn)
Potions
 b - a potion of magic


   Skills:
 + Level 2.0 Dodging
 + Level 2.0 Stealth
 + Level 2.0 Spellcasting
 + Level 4.0 Summonings


You had 3 spell levels left.
You knew the following spells:

 Your Spells              Type           Power      Damage    Failure   Level
a - Summon Small Mammal   Summ           52%        N/A       4%          1

Your spell library contained the following spells:

 Spells                   Type           Power      Damage    Failure   Level
 Call Imp                 Summ           13%        N/A       6%          2
 Call Canine Familiar     Summ           13%        N/A       13%         3
 Summon Guardian Golem    Hex/Summ       7%         N/A       28%         3
 Summon Lightning Spire   Summ/Air       7%         N/A       67%         4


Dungeon Overview and Level Annotations

Branches:
Dungeon (1/15)

Altars:


Message History

You closely miss the quokka.
The quokka is moderately wounded.
Your bat hits the quokka. The quokka bites you.
Your rat closely misses the quokka.
Your bat completely misses the quokka.
Unknown command.
You closely miss the quokka.
The quokka is heavily wounded.
Your bat misses the quokka.
Your bat barely misses the quokka.
The quokka closely misses you.
Your rat misses the quokka. Your bat misses the quokka.
Unknown command.
You closely miss the quokka.
The quokka is heavily wounded.
Your bat closely misses the quokka.
The quokka closely misses you.
Your rat barely misses the quokka.
The quokka barely misses you.
You hit the quokka but do no damage.
The quokka is moderately wounded.
Your bat closely misses the quokka.
The quokka bites you.
Your rat closely misses the quokka.
Your bat hits the quokka but does no damage.
Unknown command.
You barely miss the quokka.
The quokka is moderately wounded.
Your bat barely misses the quokka. x2
The quokka bites you but does no damage.
Your rat misses the quokka.
Your bat barely misses the quokka.
Unknown command.
You hit the quokka but do no damage.
The quokka is moderately wounded.
Your bat barely misses the quokka.
The quokka bites you.
Your rat closely misses the quokka.
You are too injured to fight recklessly!
Unknown command.
You are too injured to fight recklessly!
You swap places.
Your bat closely misses the quokka.
The quokka bites you.
* * * LOW HITPOINT WARNING * * *
Your rat closely misses the quokka.
Your bat barely misses the quokka.
Your rat bites the quokka.
The quokka bites you.
You die...

...## ##. #....#
###.##.#.#### ##.##.## #
#..#.#....####..##..#
##.#..##.##..##.#.##..####
.#.#.###.####.#.#........#
..##.###.##.##.######...#
######...####..##.#......#
###########..#.##.###
##......@...##.#
#......br.####.#
........r.# #.#
..####.#.## #.# ...#.# #.#
..####.# ..# .b #.# .## #
#.# . #.#


You could see a quokka (ally target), a friendly bat (summoned) and a friendly
rat (summoned).

Vanquished Creatures
  A ball python (D:1)
1 creature vanquished.

Notes
Turn   | Place    | Note
-------+----------+-------------------------------------------
     0 | D:1      | ChadusMaximus the Human Summoner began the quest for the
                  | Orb.
     0 | D:1      | Reached XP level 1. HP: 13/13 MP: 3/3
   120 | D:1      | Slain by a quokka

Illustrated notes

Levels and vault maps discovered:
D:1:      dpeg_arrival_signposts, layout_rooms,
          dilly_ecumenical_altar_fadedgnrine

Action                   || total
-------------------------++-------
Melee: Unarmed           ||    13
 Cast: Summon Small Mamm ||     3
 Stab: Sleeping          ||     1
Armor: Robe              ||     1
Dodge: Dodged            ||    11
